 Dungeon Crawl Stone Soup version 0.28.0-1-gb440e238dd (webtiles) character file.

Game seed: 10092647997062820518

3833 Sanktem7 the Cleaver (level 9, -4/82 HPs)
             Began as a Minotaur Fighter on Feb 22, 2022.
             Was a Follower of Okawaru.
             Killed by divine providence
             ... invoked by an orc priest
              (15 damage)
             ... on level 9 of the Dungeon.
             The game lasted 00:19:45 (9137 turns).

Sanktem7 the Cleaver (Minotaur Fighter)             Turns: 9137, Time: 00:19:47

Health: -4/82      AC: 24    Str: 27 (30) XL:     9   Next: 98%
Magic:  8/8        EV:  8    Int:  5      God:    Okawaru [*.....]
Gold:   1663       SH:  4    Dex: 11      Spells: 8/8 levels left

rFire   + + .      SeeInvis .   a - +2 war axe
rCold   + . .      Faith    .   c - +0 buckler
rNeg    . . .      Spirit   .   t - +7 chain mail
rPois   .          Reflect  .   (helmet restricted)
rElec   .          Harm     .   w - scarf {rC+ rF+}
rCorr   .          Rampage  .   (no gloves)
Will    .....                   C - +1 pair of boots
Stlth   ..........              (no amulet)
HPRegen 0.23/turn               q - +4 ring of protection
MPRegen 0.11/turn               m - +6 ring of strength

@: no status effects
A: horns 2, retaliatory headbutt, fire resistance 1
a: Renounce Religion, Heroism


You were on level 9 of the Dungeon.
You worshipped Okawaru.
Okawaru was aware of your devotion.
You visited 2 branches of the dungeon, and saw 10 of its levels.
You also visited: Ossuary.

You collected 1663 gold pieces.

Inventory:

Hand Weapons
 a - a +2 war axe (weapon)
 D - a +3 morningstar
Missiles
 u - 5 silver boomerangs (quivered)
Armour
 c - a +0 buckler (worn)
 o - a +0 cloak
 t - a +7 chain mail (worn)
 w - a scarf of resistance (worn)
 C - a +1 pair of boots (worn)
Jewellery
 l - a ring of fire
 m - a +6 ring of strength (right hand)
 p - an amulet of magic regeneration
 q - a +4 ring of protection (left hand)
Wands
 b - a wand of paralysis (12)
 f - a wand of acid (2)
 v - a wand of iceblast (8)
Scrolls
 y - a scroll of amnesia
 z - 3 scrolls of teleportation
 A - 4 scrolls of identify
Potions
 d - 5 potions of might
 e - 3 potions of heal wounds
 n - 4 potions of curing
 s - 3 potions of haste
 x - 2 potions of brilliance


   Skills:
 * Level 8.7 Fighting
 * Level 12.8 Axes
 * Level 2.6 Throwing
 + Level 8.1 Armour
 + Level 1.5 Dodging
 - Level 3.6 Shields


You had 8 spell levels left.
You didn't know any spells.
Your spell library contained the following spells:

 Spells                   Type           Power      Damage    Failure   Level
 Magic Dart               Conj           0%         1d3       98%         1
 Corpse Rot               Necr/Air       0%         N/A       99%         2
 Poisonous Vapours        Pois/Air       0%         N/A       99%         2
 Searing Ray              Conj           0%         2d4       99%         2
 Static Discharge         Conj/Air       0%         N/A       99%         2
 Sublimation of Blood     Necr           0%         N/A       99%         2
 Wereblood                Tmut           0%         N/A       99%         2
 Gell's Gravitas          Tloc           0%         N/A       100%        3
 Lesser Beckoning         Tloc           0%         N/A       100%        3
 Teleport Other           Tloc           0%         N/A       100%        3
 Dispel Undead            Necr           0%         3d6       100%        4
 Fulminant Prism          Conj/Hex       0%         3d6       100%        4
 Sticky Flame             Conj/Fire      0%         2d3       100%        4
 Summon Hydra             Summ           Unusable   N/A       N/A         7

Dungeon Overview and Level Annotations

Branches:
Dungeon (9/15)             Temple (1/1) D:6         Ossuary (visited)
   Lair: D:8-11         Orc: D:9-12

Altars:
Ashenzari
Cheibriados
Dithmenos
Elyvilon
Fedhas
Gozag
Hepliaklqana
Kikubaaqudgha
Makhleb
Nemelex Xobeh
Okawaru
Qazlal
Ru
Sif Muna
Trog
Uskayaw
Vehumet
Wu Jian
Yredelemnul
Zin

Shops:
D:1 !   D:2 ((!


Innate Abilities, Weirdness & Mutations

You have a pair of horns on your head.
You reflexively headbutt those who attack you in melee.
Your flesh is heat resistant. (rF+)


Message History

Beogh smites you!
* * * LOW HITPOINT WARNING * * *
You see here a wyvern corpse.
There is an open door here.
You block the orc warrior's attack. You block the orc warrior's attack.
You hit the orc warrior but do no damage.
Your headbutt misses the orc warrior.
The orc warrior hits you but does no damage.
You hit the orc warrior.
The orc warrior is lightly wounded.
The orc warrior hits you with a +0 halberd.
* * * LOW HITPOINT WARNING * * *
You hit the orc warrior.
The orc warrior is lightly wounded.
The orc priest calls upon Beogh to heal the orc warrior.
The orc warrior's wounds heal themselves!
You block the orc warrior's attack.
You barely miss the orc warrior.
The orc warrior hits you with a +0 halberd.
* * * LOW HITPOINT WARNING * * *
You closely miss the orc warrior. You headbutt the orc warrior.
The orc warrior is moderately wounded.
You block the orc warrior's attack.
You hit the orc warrior but do no damage.
Your headbutt misses the orc warrior.
The orc warrior is moderately wounded.
The orc priest calls upon Beogh to heal the orc warrior.
The orc warrior is healed somewhat.
The orc warrior hits you but does no damage.
You slash the orc warrior!
The orc warrior is moderately wounded.
The orc priest casts a cantrip, but nothing happens.
You slash the orc warrior!
The orc warrior is almost dead.
The orc warrior hits you with a +0 halberd!
* * * LOW HITPOINT WARNING * * *
The orc priest mumbles some strange prayers to Beogh against you.
Beogh smites you!
You die...

#.# #≈...≈# #.#
#########≈#.#≈#### #.#
#..#≈≈≈≈≈≈#.#≈≈≈§§ #.#
#..#≈...###.###o.. #.#
#o{'.†..o......h..
##.###h##≈§.§###.###...
#....ooh#≈§§≈≈≈#.#§§§§≈
##########.###o#######§#.#§####
#...........##@# §...§
###....###.....#.###.### ...
#.......###...##.......#§...§
#.......# ##<#######.###§≈≈≈≈
#.......# #.# #### ###.>.###
#.# ##...# ##'## # #...##
##...##.# #.### ##.....#.#


You could see 2 wargs, an orc warrior and 3 orc priests.

Vanquished Creatures
  Sigmund (D:5)
  2 wyverns
  Menkaure (Ossuary)
  2 water moccasins (D:6)
  A black bear (D:8)
  4 ice beasts
  A sky beast (D:6)
  2 ogres
  4 centaurs
  A phantom (D:6)
  2 kobold brigands
  An elf zombie (Ossuary)
  A bullfrog (D:8)
  A scorpion (D:5)
  A troll zombie (Ossuary)
  7 wights (D:7)
  A bullfrog zombie (D:6)
  3 centaur zombies
  A lava snake (D:9)
  2 jellies
  Crazy Yiuf (D:2)
  4 orc priests
  2 bullfrog skeletons (D:6)
  A gnoll shaman (D:4)
  3 hounds
  A human zombie (Ossuary)
  3 iguanas
  4 orc wizards
  Terence (D:3)
  A scorpion zombie (D:5)
  2 ogre zombies (Ossuary)
  A hound zombie (D:5)
  6 mummies (Ossuary)
  10 adders
  5 gnolls (D:4)
  A shadow imp (D:7)
  A white imp (D:8)
  3 ufetubi
  3 adder zombies (Ossuary)
  3 worms
  A dart slug (D:3)
  31 orcs
  10 bats
  An endoplasm (D:3)
  9 giant cockroaches
  2 goblins
  5 hobgoblins
  4 jackals (D:4)
  2 quokkas
  6 ball pythons
  A frilled lizard (D:1)
  A gnoll zombie (Ossuary)
  3 goblin zombies (Ossuary)
  3 hobgoblin zombies (Ossuary)
  13 kobolds
  4 kobold zombies (Ossuary)
  5 quokka zombies (Ossuary)
  4 rats
  4 rat zombies (Ossuary)
204 creatures vanquished.

Vanquished Creatures (others)
  An orc wizard (D:8)
  4 fungi (D:3)
  A plant (D:3)
6 creatures vanquished.

Grand Total: 210 creatures vanquished

Notes
Turn   | Place    | Note
-------+----------+-------------------------------------------
     0 | D:1      | Sanktem7 the Minotaur Fighter began the quest for the Orb.
     0 | D:1      | Reached XP level 1. HP: 19/19 MP: 0/0
   181 | D:1      | Found Nuti's Distillery.
   443 | D:1      | Reached XP level 2. HP: 24/27 MP: 1/1
   559 | D:1      | Found a faded altar of an unknown god.
   868 | D:2      | Found a runed translucent door.
   869 | D:2      | Noticed Crazy Yiuf
   944 | D:2      | Found Udehet's Weapon Boutique.
  1017 | D:2      | Reached XP level 3. HP: 34/34 MP: 2/2
  1047 | D:2      | Found Ibboop's Distillery.
  1122 | D:2      | Identified the +3 dire flail of Lies {freeze, rCorr}
  1131 | D:2      | Reached skill level 3 in Axes
  1134 | D:2      | Reached XP level 4. HP: 25/41 MP: 3/3
  1517 | D:2      | Found Toteod's Weapon Shop.
  1700 | D:2      | Killed Crazy Yiuf
  1701 | D:2      | Reached skill level 5 in Fighting
  1950 | D:3      | Found a sacrificial altar of Ru.
  2129 | D:3      | Reached skill level 4 in Axes
  2318 | D:3      | Reached XP level 5. HP: 45/48 MP: 4/4
  2355 | D:3      | Noticed Terence
  2363 | D:3      | Killed Terence
  2519 | D:3      | Found a broken altar of Ashenzari.
  2525 | D:3      | Saw a vision of the Swamp and the Snake Pit.
  2525 | D:3      | Noticed a naga warrior
  2525 | D:3      | Noticed a black mamba
  2525 | D:3      | Noticed an alligator
  2525 | D:3      | Noticed a black mamba
  2525 | D:3      | Noticed an anaconda
  2525 | D:3      | Noticed a naga
  2525 | D:3      | Noticed an alligator
  2525 | D:3      | Noticed a naga warrior
  2525 | D:3      | Noticed a naga sharpshooter
  2525 | D:3      | Noticed a black mamba
  2526 | D:3      | Noticed a black mamba
  3047 | D:4      | Reached skill level 5 in Armour
  3052 | D:4      | Reached skill level 5 in Axes
  3070 | D:4      | Reached XP level 6. HP: 47/56 MP: 5/5
  3197 | D:4      | Found a glowing silver altar of Zin.
  3578 | D:5      | Entered Level 5 of the Dungeon
  3611 | D:5      | Noticed Sigmund
  3631 | D:5      | Killed Sigmund
  3632 | D:5      | Reached skill level 6 in Axes
  3665 | D:5      | Reached XP level 7. HP: 61/62 MP: 6/6
  3678 | D:5      | Reached skill level 7 in Axes
  3731 | D:5      | Found a sand-covered staircase.
  3742 | Ossuary  | Entered an ossuary
  3816 | Ossuary  | Reached skill level 1 in Dodging
  3887 | Ossuary  | Reached skill level 8 in Axes
  4359 | Ossuary  | Noticed Menkaure
  4371 | Ossuary  | Killed Menkaure
  4372 | Ossuary  | Reached XP level 8. HP: 8/71 MP: 7/7
  4859 | D:5      | Reached skill level 9 in Axes
  4931 | D:5      | Identified the +1 robe "Ihoelaum" {+Inv Archmagi}
  5804 | D:5      | Found a sparkling altar of Nemelex Xobeh.
  5931 | D:6      | Reached skill level 10 in Axes
  6073 | D:6      | Reached skill level 1 in Throwing
  6134 | D:6      | Identified a scroll of acquirement
  6134 | D:6      | Acquired 1149 gold pieces
  6183 | D:6      | Reached XP level 9. HP: 76/79 MP: 8/8
  6326 | D:6      | Reached skill level 11 in Axes
  6489 | D:6      | Found a staircase to the Ecumenical Temple.
  6503 | Temple   | Entered the Ecumenical Temple
  6665 | Temple   | Became a worshipper of Warmaster Okawaru
  7444 | D:7      | Reached skill level 12 in Axes
  7498 | D:7      | Reached * piety under Okawaru
  7802 | D:7      | Gained mutation: Your flesh is heat resistant. (rF+)
                  | [potion of mutation]
  9137 | D:9      | Killed from afar by an orc priest

Illustrated notes

Levels and vault maps discovered:
D:1:      minmay_arrival_four_loops, layout_basic, serial_shops,
          nicolae_shop_crystal, shapermc_ecumenical_altar_ellora,
          hangedman_decor_points
D:2:      cheibrodos_old_hovel, layout_basic, serial_shops, nicolae_shop_stone,
          shop, nicolae_shop_hallway_plus, uniq_crazy_yiuf_cottage
D:3:      layout_loops_ring, mainiacjoe_overflow_boulevard,
          grunt_ashenzari_visionary [grunt_ashenzari_visionary_swamp,
          grunt_ashenzari_visionary_snake], uniq_terence
D:4:      layout_cave_pools, lemuel_crystal_altar, grunt_decor_one_mirror,
          kennysheep_dice
D:5:      layout_basic, lemuel_coloured_pillars_altar, portal_sewer_entry_f,
          nicolae_ossuary_entry_ruins, roderic_batcave, uniq_sigmund
D:6:      layout_cave_pools, minmay_temple_entry_antechambers,
          patterned_corridor
D:7:      layout_loops_cross, nicolae_sextant
D:8:      layout_loops_corners, kb_lookout_dungeons_type
D:9:      layout_loops_corners, xom_redecorated, erik_lair_orcish_takeover,
          gammafunk_ghost_cemetery, kennysheep_minor_cross
Temple:   nicolae_temple_elliptical

Skill      XL: |  1  2  3  4  5  6  7  8  9 |
---------------+----------------------------+-----
Fighting       | 4 5 6 7 8 |  8.7
Armour         | 4 5 6 8 |  8.1
Axes           | 3 4 5 6 8 10 12 | 12.8
Dodging        | 1 |  1.5
Throwing       | 1 2 |  2.6
Shields        | |  3.6

Action                   |  1- 3 |  4- 6 |  7- 9 || total
-------------------------+-------+-------+-------++-------
Melee: War axe           |    43 |   132 |   382 ||   557
       Headbutt          |     4 |    15 |    67 ||    86
Throw: Boomerang         |       |       |     9 ||     9
  Use: Scroll            |       |    13 |    10 ||    23
       Potion            |       |       |     5 ||     5
Armor: Scale mail        |    21 |    18 |       ||    39
       Chain mail        |       |    43 |   250 ||   293
Dodge: Dodged            |    19 |    51 |   113 ||   183
Block: Buckler           |    12 |    36 |    75 ||   123
